 Dungeon Crawl Stone Soup version 0.29.0-4-gdea44cf6ec (webtiles) character file.

Game seed: 15814748611908187646

35 qw the Chopper (level 3, 0/21 HPs)
             Began as a Tengu Warper on Aug 28, 2022.
             Slain by Sigmund
             ... wielding a +0 scythe of freezing
              (1 damage)
             ... on level 2 of the Dungeon.
             The game lasted 00:00:08 (1853 turns).

qw the Chopper (Tengu Warper)                       Turns: 1853, Time: 00:00:09

Health: 0/21       AC:  8    Str: 13    XL:     3   Next: 35%
Magic:  7/7        EV:  6    Int: 13    God:
Gold:   61         SH:  0    Dex: 13    Spells: 6/6 levels left

rFire   . . .      SeeInvis .   Y - +1 hand axe
rCold   . . .      Faith    .   (no shield)
rNeg    . . .      Spirit   .   m - +0 chain mail
rPois   .          Reflect  .   (helmet restricted)
rElec   .          Harm     .   (no cloak)
rCorr   .          Rampage  .   (no gloves)
Will    .....                   (boots unavailable)
Stlth   ..........              (no amulet)
HPRegen 0.07/turn               (no ring)
MPRegen 0.10/turn               (no ring)

@: no status effects
A: beak, talons 3
a: no special abilities


You were on level 2 of the Dungeon.
You visited 1 branch of the dungeon, and saw 2 of its levels.

You collected 61 gold pieces.


Innate Abilities, Weirdness & Mutations

You have a beak for a mouth.
You have claws for feet.


   Skills:
 - Level 2.0 Fighting
 + Level 4.1 Axes
 - Level 1.0 Throwing
 - Level 1.1 Armour
 - Level 2.1 Dodging
 - Level 2.0 Spellcasting
 - Level 2.4 Translocations


You had 6 spell levels left.
You didn't know any spells.
Your spell library contained the following spells:

 Spells                   Type           Power      Damage    Failure   Level
 Blink                    Tloc           14%        N/A       99%         2
 Gell's Gravitas          Tloc           7%         N/A       100%        3
 Lesser Beckoning         Tloc           7%         N/A       100%        3
 Teleport Other           Tloc           7%         N/A       100%        3
 Manifold Assault         Tloc           7%         N/A       100%        5

Inventory:

Hand Weapons
 l - a +0 whip
 Y - a +1 hand axe (weapon)
Missiles
 f - 6 boomerangs (quivered)
Armour
 m - a +0 chain mail (worn)
Scrolls
 a - a scroll of identify
 b - a scroll of teleportation {unknown}
Potions
 c - a potion of brilliance {unknown}
 g - a potion of lignification {unknown}
 i - a potion of heal wounds {unknown}

Dungeon Overview and Level Annotations

Branches:
Dungeon (2/15)

Altars:
Nemelex Xobeh

Annotations:
D:2 Sigmund


Message History

Sigmund is nearby!
Sigmund barely misses you.
Sigmund hits you with a +0 scythe of freezing.
Sigmund freezes you.
You hit Sigmund. You claw Sigmund. You peck Sigmund.
Sigmund is moderately wounded.
You barely miss Sigmund. Your kick misses Sigmund.
Sigmund is moderately wounded.
Sigmund hits you with a +0 scythe of freezing.
Sigmund freezes you.
You closely miss Sigmund. Your kick misses Sigmund.
Sigmund is moderately wounded.
Sigmund hits you with a +0 scythe of freezing.
Sigmund freezes you.
You hit Sigmund.
Sigmund is heavily wounded.
Sigmund hits you but does no damage.
You hit Sigmund but do no damage. You claw Sigmund.
Sigmund is heavily wounded.
You hit Sigmund.
Sigmund is almost dead.
Sigmund hits you with a +0 scythe of freezing.
Sigmund freezes you.
You closely miss Sigmund. Your kick misses Sigmund. Your peck misses Sigmund.
Sigmund is severely wounded.
Sigmund gestures at you while chanting.
The magic dart hits you but does no damage.
You barely miss Sigmund. You peck Sigmund, but do no damage.
Sigmund is severely wounded.
Sigmund points at you and mumbles some strange words.
You resist with significant effort.
You barely miss Sigmund. Your kick misses Sigmund.
Sigmund is severely wounded.
Sigmund gestures wildly while chanting.
Sigmund flickers and vanishes!
Deactivating autopickup; reactivate with Ctrl-A.
You closely miss something. Your kick misses something.
Your peck misses something. Something hits you. Something freezes you.
You die...

#.....## #.##.#
.......## ##.##.###.
........####.........
........'............
........####...#.####
.......## ##.##.###
#.....## #.......#
##...## #..##.#.#
##+# #..##@# #
#..#.{# #..#.## #..#.
#..#. #.... .. ###


There were no monsters in sight!

Vanquished Creatures
  A dart slug (D:2)
  4 ball pythons (D:1)
  3 bats
  5 endoplasms
  2 giant cockroaches (D:1)
  3 goblins
  4 jackals (D:1)
  2 kobolds
  A quokka (D:1)
  A frilled lizard (D:1)
  3 rats (D:1)
29 creatures vanquished.

Notes
Turn   | Place    | Note
-------+----------+-------------------------------------------
     0 | D:1      | qw the Tengu Warper began the quest for the Orb.
     0 | D:1      | Reached XP level 1. HP: 12/12 MP: 4/4
     0 | D:1      | 0 ||| qw: Version: 0.1-a-89-g26bdef1
     0 | D:1      | 0 ||| qw: Game counter: 3053
     0 | D:1      | 0 ||| qw: Always use a shield: true
     0 | D:1      | 0 ||| qw: God list: Okawaru
     0 | D:1      | 0 ||| qw: Allow faded altars: false
     0 | D:1      | 0 ||| qw: Do Orc after D:15 true
     0 | D:1      | 0 ||| qw: Do second Lair branch before Depths: true
     0 | D:1      | 0 ||| qw: Lair rune preference: random
     0 | D:1      | 0 ||| qw: Plans: Normal
     0 | D:1      | 0 ||| PLANNING D:1-11
   139 | D:1      | Reached XP level 2. HP: 17/17 MP: 6/6
   145 | D:1      | Reached skill level 3 in Axes
   570 | D:1      | Found a faded altar of an unknown god.
   625 | D:1      | HP: 4/17 [quokka (2)]
   626 | D:1      | HP: 1/17 [quokka (3)]
   945 | D:1      | 945 ||| DROPPING +0 club.
   949 | D:1      | 949 ||| Stepping ~*~*~tactically~*~*~ (stealth).
   950 | D:1      | 950 ||| Stepping ~*~*~tactically~*~*~ (stealth).
   972 | D:1      | Reached XP level 3. HP: 11/21 MP: 7/7
  1322 | D:1      | 1322 ||| UPGRADING to +0 ring mail.
  1332 | D:1      | 1332 ||| DROPPING +0 leather armour.
  1333 | D:1      | 1333 ||| UPGRADING to +0 chain mail.
  1343 | D:1      | 1343 ||| DROPPING +0 ring mail.
  1344 | D:1      | 1344 ||| READING 2 scrolls labelled RUOTIE CITUREF.
  1345 | D:1      | 1345 ||| READING scroll labelled OHEOWK DIVEADU.
  1346 | D:1      | 1346 ||| READING scroll labelled RONI YMUVOIFERR.
  1347 | D:1      | 1347 ||| READING scroll labelled SOPNEFE TAKOHE.
  1348 | D:1      | 1348 ||| DROPPING scroll of blinking.
  1445 | D:2      | 1445 ||| Stepping ~*~*~tactically~*~*~ (hiding).
  1557 | D:2      | Reached skill level 4 in Axes
  1718 | D:2      | Found a sparkling altar of Nemelex Xobeh.
  1748 | D:2      | 1748 ||| DROPPING +1 vorpal hand axe.
  1837 | D:2      | Noticed Sigmund
  1838 | D:2      | 1838 ||| Stepping ~*~*~tactically~*~*~ (hiding).
  1849 | D:2      | HP: 3/21 [Sigmund/+0 scythe of freezing (3)]
  1849 | D:2      | HP: 1/21 [Sigmund/+0 scythe of freezing (2)]
  1853 | D:2      | Slain by Sigmund

Levels and vault maps discovered:
D:1:      dpeg_arrival_round_b, layout_basic, serial_glass, glass_columns_b,
          glass_columns_b, ebering_ecumenical_altar_sacrificial,
          ebering_dispersal_statue_hall
D:2:      layout_loops_corners, basic_altar, uniq_sigmund

Skill      XL: |  1  2  3 |
---------------+----------+-----
Axes           | 3 4 |  4.1
Fighting       | |  2.0
Throwing       | |  1.0
Armour         | |  1.1
Dodging        | |  2.1
Spellcasting   | |  2.0
Translocations | |  2.4

Action                   || total
-------------------------++-------
Melee: Hand axe          ||    65
       Kick              ||    15
       Peck              ||     9
Throw: Boomerang         ||    16
  Use: Scroll            ||     4
Armor: Leather armour    ||    10
       Chain mail        ||     4
Dodge: Dodged            ||    21

Table legend:
 A = Non-vault XP
 B = Vault XP
 C = Vault XP percentage of total XP
 D = Non-vault monster count
 E = Vault monster count
 F = Vault count percentage of total count
                 A         B        C        D         E       F
            +---------+---------+-------+---------+---------+-------
      Total |      51 |       0 |   0.0 |      29 |       0 |   0.0
            +---------+---------+-------+---------+---------+-------
        D:1 |      40 |       0 |   0.0 |      23 |       0 |   0.0
        D:2 |      11 |       0 |   0.0 |       6 |       0 |   0.0
            +---------+---------+-------+---------+---------+-------
